[Event "SS Manhem Chess Week 2019 Goteborg Open"]
[Site "Molnlycke kulturhus, Biblioteksgatan 2, Molnlycke, Sweden"]
[Date "2019.08.17"]
[Round "5.13"]
[White "Andersson, Lars"]
[Black "Lillskog, Viggo"]
[Result "1-0"]
[TimeControl "15 minutes + 5 seconds per move from move one (Round 1 - 4) / 90 minutes + 30 seconds per move from move one (Round 5 - 8)"]
[WhiteFideId "1706772"]
[BlackFideId "1754114"]
[WhiteElo "2003"]
[BlackElo "1608"]

1. d4 Nf6 2. Bf4 d5 3. e3 c5 4. c3 Nc6 5. Nd2 Bf5 6. Qb3 Qb6 7. dxc5 Qxb3 8. axb3 e5 9. Bg3 Bxc5 10. b4 Bd6 11.
Ngf3 Nd7 12. Be2 O-O 13. O-O Rfe8 14. Rfd1 Bc2 15. Re1 Bg6 16. Nh4 a6 17. Nxg6 hxg6 18. b5 axb5 19. Bxb5 Nb6 20.
e4 dxe4 21. Nxe4 Bf8 22. f3 f5 23. Bf2 fxe4 24. Bxb6 Rxa1 25. Rxa1 exf3 26. gxf3 Kf7 27. Kf2 Be7 28. Rd1 Bd8 29.
Rd7+ Ke6 30. Rxb7 Re7 31. Rxe7+ Kxe7 32. Bc5+ Kd7 33. Ke3 Kc7 34. Ke4 Bf6 35. Bxc6 Kxc6 36. Bf8 Kb5 37. b3 Kc6 38.
c4 Kc7 39. b4 Kc6 40. b5+ Kb6 41. Kd5 g5 42. h3 g6 43. Bd6 1-0

[Event "SS Manhem Chess Week 2019 Goteborg Open"]
[Site "Molnlycke kulturhus, Biblioteksgatan 2, Molnlycke, Sweden"]
[Date "2019.08.17"]
[Round "5.14"]
[White "Welin, Mats"]
[Black "Andersson, Kjell-Ake"]
[Result "1-0"]
[TimeControl "15 minutes + 5 seconds per move from move one (Round 1 - 4) / 90 minutes + 30 seconds per move from move one (Round 5 - 8)"]
[WhiteTitle "FM"]
[WhiteFideId "1705180"]
[BlackFideId "1713825"]
[WhiteElo "2310"]
[BlackElo "1922"]

1. e4 e6 2. d4 d5 3. Nc3 Bb4 4. e5 c5 5. a3 Bxc3+ 6. bxc3 Qc7 7. Qg4 f5 8. Qh5+ Qf7 9. Qd1 Qc7 10.
Nf3 Ne7 11. a4 Nbc6 12. Ba3 b6 13. Bb5 a6 14. Bd3 O-O 15. O-O Nd8 16. a5 bxa5 17. Bxc5 Nb7 18. Ba3 Re8 19. Ng5 h6 20.
Qh5 Rf8 21. Nf3 Rf7 22. Qh4 Ng6 23. Qg3 Nf8 24. Bc1 Kh8 25. Bd2 Bd7 26. h4 a4 27. Rfb1 Na5 28. Kh1 Nc4 29. Bc1 Bb5 30.
Ng1 Nd7 31. Ne2 Ndb6 32. Nf4 Qd7 33. Qg6 Re7 34. g4 1-0

[Event "SS Manhem Chess Week 2019 Goteborg Open"]
[Site "Molnlycke kulturhus, Biblioteksgatan 2, Molnlycke, Sweden"]
[Date "2019.08.17"]
[Round "5.15"]
[White "Eriksson, Kristian"]
[Black "Alharash, Feras"]
[Result "1-0"]
[TimeControl "15 minutes + 5 seconds per move from move one (Round 1 - 4) / 90 minutes + 30 seconds per move from move one (Round 5 - 8)"]
[WhiteFideId "1705172"]
[BlackFideId "7604645"]
[WhiteElo "2113"]
[BlackElo "1882"]

1. e4 e5 2. d4 exd4 3. Nf3 Nc6 4. Nxd4 Bc5 5. Be3 Qe7 6. Nc3 Nxd4 7. Bxd4 Bxd4 8. Qxd4 Nf6 9. O-O-O d6 10.
Bb5+ c6 11. Be2 Be6 12. Qxd6 Rd8 13. Qxd8+ Qxd8 14. Rxd8+ Kxd8 15. f3 Ke7 16. Kd2 Rd8+ 17. Ke3 a5 18. Rd1 Rxd1 19. Bxd1 Kd6 20. f4 Ng4+ 21. Bxg4 Bxg4 22. e5+ Ke6 23. Ne4 b6 24.
c4 Bf5 25. Ng5+ Ke7 26. h3 h5 27. Kd4 f6 28. Nf3 Ke6 29. Ke3 c5 30. exf6 gxf6 31. Nd2 Bc2 32. g4 hxg4 33. hxg4 Bd1 34.
Nf3 Bc2 35. f5+ Kf7 36. Kf4 Bb1 37. a3 Bd3 38. Nd2 Be2 39. g5 fxg5+ 40. Kxg5 Bd3 41. Nf3 Bc2 42. Ne5+ Ke7 43. f6+ Ke8 44.
Kh6 Kf8 45. Nd7+ Kf7 46. Kg5 Bh7 47.
Nxb6 Ke6 48. Kh6 Bg8 49. Kg7 Bf7 50. Na4 Bh5 51. Nxc5+ Kd6 52. b4 1-0

[Event "SS Manhem Chess Week 2019 Goteborg Open"]
[Site "Molnlycke kulturhus, Biblioteksgatan 2, Molnlycke, Sweden"]
[Date "2019.08.17"]
[Round "5.16"]
[White "Ottgard, Andreas"]
[Black "Pettersson, Anders"]
[Result "0-1"]
[TimeControl "15 minutes + 5 seconds per move from move one (Round 1 - 4) / 90 minutes + 30 seconds per move from move one (Round 5 - 8)"]
[WhiteFideId "1730592"]
[BlackFideId "1715143"]
[WhiteElo "1868"]
[BlackElo "2104"]

1. c4 b6 2. Nc3 Bb7 3. e4 e6 4. g3 f5 5. Bg2 Nf6 6. d3 Bb4 7. Nge2 fxe4 8. O-O O-O 9. dxe4 Nc6 10. h3 Ne5 11. b3 Qe8 12. Be3 0-1

[Event "SS Manhem Chess Week 2019 Goteborg Open"]
[Site "Molnlycke kulturhus, Biblioteksgatan 2, Molnlycke, Sweden"]
[Date "2019.08.17"]
[Round "5.18"]
[White "Svensson, Leif"]
[Black "Knutsson, Hakan"]
[Result "1/2-1/2"]
[TimeControl "15 minutes + 5 seconds per move from move one (Round 1 - 4) / 90 minutes + 30 seconds per move from move one (Round 5 - 8)"]
[WhiteFideId "1702459"]
[BlackFideId "1706810"]
[WhiteElo "2027"]
[BlackElo "1848"]

1. d4 Nf6 2. Nc3 d5 3. Bg5 Nbd7 4.
e3 e6 5.
f4 Be7 6. Nf3 h6 7. Bh4 Ne4 8. Bxe7 Qxe7 9. Nxe4 dxe4 10. Nd2 f5 11. Bc4 Nf6 12. Qe2 Bd7 13. Bb3 a6 14. h3 g6 15.
O-O-O b5 16. c4 c5 17. dxc5 Qxc5 18. Kb1 b4 19. Bc2 Rc8 20. Rc1 a5 21. Nb3 Qxc4 22. Qxc4 Rxc4 23. Nxa5 Rc8 24.
Bb3 Ke7 25. Rxc8 Rxc8 26. Rc1 Rxc1+ 27. Kxc1 g5 28. fxg5 hxg5 29. g3 e5 30. Nc4 f4 31. g4 f3 32. Kd2 Bb5 33. Ke1 Bxc4 34.
Bxc4 Nd7 35. a3 bxa3 36. bxa3 Nc5 37. Bf1 Kd6 38. Kd2 Na4 39. Bb5 1/2-1/2

[Event "SS Manhem Chess Week 2019 Goteborg Open"]
[Site "Molnlycke kulturhus, Biblioteksgatan 2, Molnlycke, Sweden"]
[Date "2019.08.17"]
[Round "6.1"]
[White "Wiedenkeller, Michael"]
[Black "Le, Quang Long"]
[Result "1-0"]
[TimeControl "15 minutes + 5 seconds per move from move one (Round 1 - 4) / 90 minutes + 30 seconds per move from move one (Round 5 - 8)"]
[WhiteTitle "IM"]
[BlackTitle "IM"]
[WhiteFideId "1700146"]
[BlackFideId "12401749"]
[WhiteElo "2456"]
[BlackElo "2411"]

1. d4 f5 2. Nc3 Nf6 3. Bg5 g6 4. Bxf6 exf6 5. e3 d5 6.
Qf3 Be6 7. Bd3 c6 8. Nge2 Bd6 9. h3 Nd7 10. g4 fxg4 11.
hxg4 Bf7 12. Nf4 Nf8 13. O-O-O Qe7 14. e4 Bxf4+ 15. Qxf4 Ne6 16. Qe3 O-O-O 17. f4 dxe4 18. Bxe4 Qd6 19. Ne2 Nc7 20. Nc3 Rhe8 21. Qf3 Bg8 22. f5 g5 23. Kb1 Rd7 24. b3 Red8 25. Kb2 Qf8 26. Qf2 Kb8 27. Bf3 Ka8 28. Ne4 Nb5 29. c3 Qa3+ 30. Kb1 Bd5 31. Rc1 Bxe4+ 32. Bxe4 Re7 33. Bd3 Nc7 34. Rhe1 Nd5 35. Bc4 Nf4 36. Rxe7 Qxe7 37. Re1 Qd6 38. Re3 b5 39. Be6 b4 40. Qc2 Kb7 41. Re4 bxc3 42. Qxc3 Ka8 43. Qa5 Qb8 44. Qc5 Qd6 45. Qa5 Qb8 46.
Qc5 Qd6 47. Qxd6 Rxd6 48. Bf7 Kb7 49.
Kc2 Rd7 50. Be8 Rd8 51. Kc3 Kb6 52.
Kc4 a5 53. a3 h6 54. Re7 Rd6 55.
Bf7 Rd8 56. Bg6 Nd5 57. Re6 Kc7 58. Kc5 Kb7 59. Be8 Nf4 60. Bxc6+ Kb8 61. Rxf6 h5 62. gxh5 Nxh5 63. Rg6 1-0

[Event "SS Manhem Chess Week 2019 Goteborg Open"]
[Site "Molnlycke kulturhus, Biblioteksgatan 2, Molnlycke, Sweden"]
[Date "2019.08.17"]
[Round "6.2"]
[White "Seo, Jung Min"]
[Black "Blomqvist, Erik"]
[Result "1/2-1/2"]
[TimeControl "15 minutes + 5 seconds per move from move one (Round 1 - 4) / 90 minutes + 30 seconds per move from move one (Round 5 - 8)"]
[WhiteTitle "FM"]
[BlackTitle "GM"]
[WhiteFideId "1734687"]
[BlackFideId "1709437"]
[WhiteElo "2409"]
[BlackElo "2507"]

1. e4 c5 2. Nf3 e6 3. d4 cxd4 4. Nxd4 Nc6 5. Nxc6 bxc6 6. Bd3 d5 7. O-O Nf6 8. Qe2 Be7 9. Nd2 Nd7 10.
c4 Bb7 11. b3 Bf6 12. Rb1 O-O 13. Nf3 a5 14. Re1 h6 15. Ba3 Be7 16. Bb2 Bf6 17. Ba3 Be7 18. Bb2 Bf6 19. Ba3 1/2-1/2

[Event "SS Manhem Chess Week 2019 Goteborg Open"]
[Site "Molnlycke kulturhus, Biblioteksgatan 2, Molnlycke, Sweden"]
[Date "2019.08.17"]
[Round "6.3"]
[White "Hector, Jonny"]
[Black "Vypkhaniuk, Ihor"]
[Result "1/2-1/2"]
[TimeControl "15 minutes + 5 seconds per move from move one (Round 1 - 4) / 90 minutes + 30 seconds per move from move one (Round 5 - 8)"]
[WhiteTitle "GM"]
[BlackTitle "FM"]
[WhiteFideId "1700090"]
[BlackFideId "14112256"]
[WhiteElo "2493"]
[BlackElo "2405"]

1. e4 c5 2. Nf3 Nc6 3. Nc3 g6 4. d4 cxd4 5. Nxd4 Bg7 6. Be3 Nf6 7. Bc4 O-O 8. Bb3 Qa5 9. O-O d6 10.
h3 Bd7 11. f4 Nxd4 12. Bxd4 Bc6 13. Qd3 Rad8 14. Rad1 Nd7 15. Bxg7 Kxg7 16. Qd4+ Kg8 17. Qf2 Qc5 18. Rd4 Rc8 19.
Rfd1 Nf6 20. f5 Qe5 21. Re1 Rc7 22. fxg6 hxg6 23. Nd5 Rd7 24. Nf4 Nxe4 25. Qe3 e6 26. Nd3 Qf5 27. Rf1 e5 28.
Rb4 Qh5 29. Rxe4 Bxe4 30. Qxe4 Kg7 31. Qd5 b6 32. Nf2 f5 33. Nd3 Qg5 34. Re1 Rfd8 35. Nb4 Qg3 36. Qd2 d5 37. Re3 Qf4 38.
Nd3 Qg5 39. Nxe5 Re7 40. Qd4 Qf6 41. Bxd5 Rde8 42. Bc6 Rc8 43. Kh1 Rxc6 44. Nxc6 Rxe3 45. Qxe3 Qxc6 46. c3 Qc7 47. b3 Kh7 48.
Kg1 Qd6 49. Kf2 Qd1 50. Qe7+ Kg8 51. Qe2 Qc1 52. c4 Qf4+ 53. Kg1 Qd4+ 54. Kh1 Kf7 55. Qc2 Kf6 56. Qc1 g5 57. b4 g4 58.
Qh6+ Ke7 59. Qg5+ Ke8 60. Qh5+ Ke7 61. Qxf5 gxh3 62. Qh7+ Kf8 63. Qh6+ Ke7 64. Qg5+ Kf8 65. gxh3 Qxc4 66.
Qd2 Qe4+ 67. Kg1 Ke8 68. Kf2 Qh4+ 69. Kg2 Qe4+ 70. Kg3 Qg6+ 71. Kh2 Qe4 72. Kg1 Qb1+ 73. Kh2 Qe4 74. a4 Qe5+ 75.
Kg2 Qe4+ 76. Kg3 Qg6+ 77. Kh2 Qe4 78. Qc3 Qf4+ 79. Kg2 a5 80. bxa5 Qg5+ 81. Kf2 Qf5+ 82. Ke2 Qh5+ 83. Kd2 bxa5 84.
Qe3+ Kd8 85. Qd4+ Kc7 86. Qg4 Qh6+ 87. Ke2 Qc6 88. Qf4+ Kd7 89. Qf5+ Ke7 90. Qg5+ Kf7 91. Qf4+ Kg8 92.
Kf2 Qc2+ 93. Kg3 Qc3+ 94. Kh4 Qb4 95. Kg4 Kg7 96. Kf3 Qb3+ 97. Kg4 Qb4 98. Kf3 Qb3+ 99. Kg2 Qc2+ 100. Kg1 Qd1+ 101. Kh2 Qc2+ 102. Kg3 Qb3+ 103. Kh4 Qb4 104. Qg4+ Kh6 105. Kg3 Qb3+ 106. Kf2 Qc2+ 107. Ke1 Qc3+ 1/2-1/2

[Event "SS Manhem Chess Week 2019 Goteborg Open"]
[Site "Molnlycke kulturhus, Biblioteksgatan 2, Molnlycke, Sweden"]
[Date "2019.08.17"]
[Round "6.4"]
[White "Torngren, Gustav"]
[Black "Golubka, Petro"]
[Result "1/2-1/2"]
[TimeControl "15 minutes + 5 seconds per move from move one (Round 1 - 4) / 90 minutes + 30 seconds per move from move one (Round 5 - 8)"]
[BlackTitle "IM"]
[WhiteFideId "1728970"]
[BlackFideId "14114224"]
[WhiteElo "2061"]
[BlackElo "2479"]

1. c4 g6 2. Nc3 Bg7 3. Nf3 e5 4. g3 Nc6 5. Bg2 Nge7 6. O-O d6 7. Rb1 a6 8. d3 O-O 9. b4 h6 10.
a4 Be6 11. e3 Qd7 12. b5 axb5 13. axb5 Na5 14. Nd2 e4 15. Qc2 exd3 16. Qxd3 Rfd8 17. Nd5 Rac8 18. Bb2 Bxd5 19. cxd5 b6 1/2-1/2

[Event "SS Manhem Chess Week 2019 Goteborg Open"]
[Site "Molnlycke kulturhus, Biblioteksgatan 2, Molnlycke, Sweden"]
[Date "2019.08.17"]
[Round "6.5"]
[White "Ahlander, Bjorn"]
[Black "Nilsson, Joakim"]
[Result "1-0"]
[TimeControl "15 minutes + 5 seconds per move from move one (Round 1 - 4) / 90 minutes + 30 seconds per move from move one (Round 5 - 8)"]
[WhiteTitle "IM"]
[BlackTitle "FM"]
[WhiteFideId "1700251"]
[BlackFideId "1723383"]
[WhiteElo "2390"]
[BlackElo "2319"]

1. d4 Nf6 2. c4 e6 3. Nc3 d5 4.
Nf3 Be7 5. g3 O-O 6. Bg2 c6 7. O-O b6 8. Bf4 Bb7 9. Ne5 Nbd7 10. Qb3 Nxe5 11. Bxe5 Rc8 12. Rfd1 Nd7 13. Bf4 f5 14.
cxd5 exd5 15. e4 fxe4 16. Nxe4 Kh8 17. Nd6 Rb8 18. Nxb7 Rxb7 19. Rac1 Bg5 20. Bxg5 Qxg5 21. Rxc6 Nf6 22.
Rdc1 Re7 23. Rc8 Ree8 24. R8c2 Qg4 25. Qd3 Qh5 26. Qd1 Qf5 27. Re2 Ne4 28. Rcc2 Ng5 29. Qe1 Re4 30. f4 Rxe2 31.
Rxe2 Ne4 32. Bxe4 dxe4 33. Rxe4 Qd5 34. b3 h5 35. Qe3 Qf5 36. Re5 Qg4 37. Qe2 Rxf4 38. Rxh5+ Kg8 39. Qxg4 Rxg4 40.
Rd5 Rg6 41. Rd8+ Kh7 42. d5 Rg4 43. Kf2 Rd4 44. Ke3 Rd1 45. h4 Kg6 46. g4 Kf6 47. Rd7 a5 48. Rd6+ Ke5 49. Rxb6 Rxd5 50.
a4 1-0

[Event "SS Manhem Chess Week 2019 Goteborg Open"]
[Site "Molnlycke kulturhus, Biblioteksgatan 2, Molnlycke, Sweden"]
[Date "2019.08.17"]
[Round "6.6"]
[White "Kockum, Anton Frisk"]
[Black "Ask, Josef"]
[Result "1-0"]
[TimeControl "15 minutes + 5 seconds per move from move one (Round 1 - 4) / 90 minutes + 30 seconds per move from move one (Round 5 - 8)"]
[WhiteTitle "FM"]
[BlackTitle "FM"]
[WhiteFideId "1709143"]
[BlackFideId "1704583"]
[WhiteElo "2367"]
[BlackElo "2136"]

1. d4 Nf6 2. c4 d6 3. Nf3 c6 4. Nc3 Nbd7 5. Bg5 h6 6. Bh4 g5 7. Bg3 Nh5 8. e3 Nxg3 9. hxg3 e5 10.
Qc2 Be7 11. O-O-O Qa5 12. Kb1 a6 13. Ne4 g4 14. Nh4 Nb6 15. c5 Be6 16. cxb6 Qxa2+ 17. Kc1 Bb3 18. Nc3 Bxc2 19. Nxa2 Bxd1 20.
Kxd1 exd4 21. exd4 Bf6 22. Nf5 O-O-O 23. Nc3 d5 24. Na4 h5 25. Nc5 Kb8 26. Bd3 Ka8 27. Kc2 Kb8 28. Kc3 Bg5 29.
Ra1 Bf6 30. Bxa6 bxa6 31. Rxa6 h4 32. Ra7 1-0

[Event "SS Manhem Chess Week 2019 Goteborg Open"]
[Site "Molnlycke kulturhus, Biblioteksgatan 2, Molnlycke, Sweden"]
[Date "2019.08.17"]
[Round "6.7"]
[White "Rydstrom, Tom"]
[Black "Arnelind, Mikael"]
[Result "1-0"]
[TimeControl "15 minutes + 5 seconds per move from move one (Round 1 - 4) / 90 minutes + 30 seconds per move from move one (Round 5 - 8)"]
[WhiteTitle "FM"]
[WhiteFideId "1714830"]
[BlackFideId "1704290"]
[WhiteElo "2314"]
[BlackElo "2187"]

1. e4 e6 2. d4 d5 3. Nc3 Bb4 4. e5 c5 5. a3 Bxc3+ 6. bxc3 Qc7 7. Qg4 f5 8. Qg3 cxd4 9. cxd4 Ne7 10.
Ne2 O-O 11. c3 b6 12. Nf4 Qd7 13. a4 Ba6 14. Bxa6 Nxa6 15. Ba3 Rf7 16. O-O Rc8 17. h4 Rc4 18. a5 b5 19. h5 h6 20.
Rab1 Ra4 21. Bb4 Nc6 22. Bd6 Nd8 23. Ra1 Rc4 24. Rfb1 Nb7 25. Ba3 Qc6 26. Qg6 Nc7 27. a6 Nd8 28.
Bc5 Rxc5 29. dxc5 Qxc5 30. Qg3 Nc6 31. Ne2 Qc4 32. Nf4 Rd7 33. Qe3 Qe4 34. Qc5 Qc4 35. Qxc4 dxc4 36. Rd1 Nd5 37.
Nxe6 Nxe5 38. Nc5 Rd6 39. Ra5 Nd3 40. Rxb5 Nxc3 41. Rb8+ Kf7 42. Rd2 Ne4 43.
Nxe4 fxe4 44. Rb7+ Kf6 45. Rxa7 Rc6 46. Ra8 Kg5 47. a7 Ra6 48. Rc2 Ra1+ 49. Kh2 c3 50. Rxc3 Nxf2 51. Rf8 e3 52.
a8=Q 1-0

[Event "SS Manhem Chess Week 2019 Goteborg Open"]
[Site "Molnlycke kulturhus, Biblioteksgatan 2, Molnlycke, Sweden"]
[Date "2019.08.17"]
[Round "6.8"]
[White "Pham, Bich Ngoc"]
[Black "Petersson, Baldur Teodor"]
[Result "1-0"]
[TimeControl "15 minutes + 5 seconds per move from move one (Round 1 - 4) / 90 minutes + 30 seconds per move from move one (Round 5 - 8)"]
[WhiteTitle "WIM"]
[BlackTitle "CM"]
[WhiteFideId "12401285"]
[BlackFideId "2309157"]
[WhiteElo "2176"]
[BlackElo "2255"]

1. f4 e5 2. d3 exf4 3. Bxf4 d5 4. g3 g5 5. Be5 f6 6. Bd4 Nc6 7. Bf2 Bf5 8. Bg2 Qd7 9. c3 h5 10.
Nd2 Ne5 11. Qb3 c6 12. Ngf3 Ng4 13. Bg1 Bd6 14. O-O-O Ne7 15. Nd4 Bg6 16. e4 Bf7 17. exd5 Nxd5 18. c4 Nde3 19. Bxe3 Nxe3 20.
Rde1 Be5 21. Rxe3 Qxd4 22. Re4 Qf2 23. Rf1 Qxg2 24. Rxf6 O-O 25. Rxe5 Kg7 26. Ref5 Qg1+ 27. Kc2 Qd4 28.
Ne4 b5 29. Rxg5+ Kh7 30. Qc3 Qxc3+ 31. Kxc3 bxc4 32. dxc4 Bg8 33. Rxh5+ Kg7 34. Rg5+ Kh7 35. Rxc6 Rf3+ 36. Kd4 Rd8+ 37. Kc5 Rdf8 38. Re5 R3f5 39.
Rxf5 Rxf5+ 40. Kd4 1-0

[Event "SS Manhem Chess Week 2019 Goteborg Open"]
[Site "Molnlycke kulturhus, Biblioteksgatan 2, Molnlycke, Sweden"]
[Date "2019.08.17"]
[Round "6.9"]
[White "Carlsson, Ludvig"]
[Black "Andersson, Lars"]
[Result "1-0"]
[TimeControl "15 minutes + 5 seconds per move from move one (Round 1 - 4) / 90 minutes + 30 seconds per move from move one (Round 5 - 8)"]
[WhiteTitle "CM"]
[WhiteFideId "1727010"]
[BlackFideId "1706772"]
[WhiteElo "2234"]
[BlackElo "2003"]

1. d4 Nf6 2. c4 g6 3. Nc3 Bg7 4.
e4 d6 5.
Be2 O-O 6. Nf3 e5 7. dxe5 dxe5 8. Qxd8 Rxd8 9. Bg5 Re8 10. Nd5 Nxd5 11. cxd5 c6 12. Bc4 cxd5 13. Bxd5 Nd7 14. Nd2 Nb6 15.
Bb3 Be6 16. Bxe6 Rxe6 17. O-O-O Rc6+ 18. Kb1 Rac8 19. Be3 a6 20. f3 Bf8 21. Bxb6 Rxb6 22. Nb3 Rbc6 23. Rd5 Bg7 24. Rc1 Rxc1+ 25. Nxc1 Rc7 26. Rd8+ Bf8 27. Nd3 f6 28. Nb4 Rf7 29. Nd5 f5 30. Nc3 Kg7 31. Kc2 Bc5 32. Rd5 Bd4 33. exf5 gxf5 34.
Ne2 Bb6 35. Rxe5 Bc7 36. Re3 Bxh2 37. f4 Rc7+ 38. Kd2 Rc4 39. b3 Rxf4 40. Rh3 1-0

[Event "SS Manhem Chess Week 2019 Goteborg Open"]
[Site "Molnlycke kulturhus, Biblioteksgatan 2, Molnlycke, Sweden"]
[Date "2019.08.17"]
[Round "6.10"]
[White "Johnson, Daniel"]
[Black "Troberg Eskola, Love"]
[Result "1-0"]
[TimeControl "15 minutes + 5 seconds per move from move one (Round 1 - 4) / 90 minutes + 30 seconds per move from move one (Round 5 - 8)"]
[WhiteFideId "1721283"]
[BlackFideId "1724185"]
[WhiteElo "2201"]
[BlackElo "2134"]

1. d4 f5 2. Nc3 Nf6 3. Bg5 e6 4. e4 fxe4 5. Nxe4 Be7 6. Bxf6 Bxf6 7. Qh5+ g6 8. Qh6 Bxd4 9. O-O-O Bf6 10.
h4 Kf7 11. Nf3 Bg7 12. Qf4+ Ke8 13. Nfg5 Rf8 14. Qg3 Bh6 15. Kb1 Bxg5 16. hxg5 Rh8 17. Qe5 1-0

[Event "SS Manhem Chess Week 2019 Goteborg Open"]
[Site "Molnlycke kulturhus, Biblioteksgatan 2, Molnlycke, Sweden"]
[Date "2019.08.17"]
[Round "6.11"]
[White "Pettersson, Anders"]
[Black "Welin, Mats"]
[Result "0-1"]
[TimeControl "15 minutes + 5 seconds per move from move one (Round 1 - 4) / 90 minutes + 30 seconds per move from move one (Round 5 - 8)"]
[BlackTitle "FM"]
[WhiteFideId "1715143"]
[BlackFideId "1705180"]
[WhiteElo "2104"]
[BlackElo "2310"]

1. d4 Nf6 2. c4 e6 3. Nf3 d5 4. Bg5 Bb4+ 5. Nbd2 O-O 6. e3 b6 7.
cxd5 exd5 8. Bd3 Bd6 9. Qc2 h6 10. h4 c5 11. O-O-O Nc6 12. dxc5 bxc5 13. Qc3 Nb4 14. Bb1 Be6 15.
Bxf6 gxf6 16. Nb3 Rc8 17. Qd2 c4 18. Nbd4 Qa5 19. Qc3 Nd3+ 20. Bxd3 cxd3 21. Nc6 Rxc6 22. Qxc6 Rc8 23. Qxc8+ Bxc8 24.
Kb1 Be5 25. Nd2 Qb4 26. Nb3 Bf5 27. Rd2 a5 28. f4 a4 29. fxe5 axb3 30. Rf2 d2+ 31. Ka1 Bc2 32. a3 Qxh4 0-1

[Event "SS Manhem Chess Week 2019 Goteborg Open"]
[Site "Molnlycke kulturhus, Biblioteksgatan 2, Molnlycke, Sweden"]
[Date "2019.08.17"]
[Round "6.12"]
[White "Olsson, William"]
[Black "Ziegler, Ari"]
[Result "0-1"]
[TimeControl "15 minutes + 5 seconds per move from move one (Round 1 - 4) / 90 minutes + 30 seconds per move from move one (Round 5 - 8)"]
[BlackTitle "IM"]
[WhiteFideId "1741721"]
[BlackFideId "1700987"]
[WhiteElo "2015"]
[BlackElo "2300"]

1. Nf3 g6 2. c4 Bg7 3. Nc3 e5 4. d3 d6 5. g3 Nc6 6. Bg2 f5 7. O-O Nf6 8. Rb1 a5 9. a3 O-O 10. Ne1 h6 11. b4 axb4 12.
axb4 g5 13. Bd2 f4 14. Nc2 Qe8 15. Nd5 Nxd5 16. Bxd5+ Be6 17. Bg2 Qh5 18. Re1 fxg3 19. fxg3 e4 20. Bxe4 Ne5 21. Ne3 c6 22.
Rf1 Bg4 23. Re1 Rf2 24. Kxf2 Qxh2+ 25. Ng2 Rf8+ 26. Bf4 gxf4 27. gxf4 Rxf4+ 28. Ke3 Rxe4+ 29. dxe4 Qg3+ 30. Kd2 Nxc4+ 31. Kc1 Qa3+ 0-1

[Event "SS Manhem Chess Week 2019 Goteborg Open"]
[Site "Molnlycke kulturhus, Biblioteksgatan 2, Molnlycke, Sweden"]
[Date "2019.08.17"]
[Round "6.13"]
[White "Wiklund, Johan"]
[Black "Castrillon Gomez, Melissa"]
[Result "0-1"]
[TimeControl "15 minutes + 5 seconds per move from move one (Round 1 - 4) / 90 minutes + 30 seconds per move from move one (Round 5 - 8)"]
[BlackTitle "WIM"]
[WhiteFideId "1713817"]
[BlackFideId "4402413"]
[WhiteElo "1956"]
[BlackElo "2227"]

1. Nf3 d5 2. d4 Nf6 3. c4 e6 4. Bg5 h6 5. Bh4 Bb4+ 6.
Nbd2 dxc4 7. e3 b5 8. a4 c6 9. Be2 Bb7 10. O-O a6 11. Ne5 Nbd7 12. f4 Nxe5 13. fxe5 Bxd2 14. Qxd2 Ne4 15.
Qe1 Qc7 16. Bf3 c5 17. axb5 axb5 18. Rxa8+ Bxa8 19. Bxe4 Bxe4 20. Qa1 O-O 21. Qa6 cxd4 22. exd4 Bc6 23. Be7 Ra8 24. Bd6 Rxa6 25. Bxc7 Ra2 26.
Rf2 b4 27. Bd6 c3 28. bxc3 b3 0-1

[Event "SS Manhem Chess Week 2019 Goteborg Open"]
[Site "Molnlycke kulturhus, Biblioteksgatan 2, Molnlycke, Sweden"]
[Date "2019.08.17"]
[Round "6.14"]
[White "Troedsson, Anton"]
[Black "Sandoval Fuquen, Janneth Katerin"]
[Result "1-0"]
[TimeControl "15 minutes + 5 seconds per move from move one (Round 1 - 4) / 90 minutes + 30 seconds per move from move one (Round 5 - 8)"]
[WhiteFideId "1746006"]
[BlackFideId "4423119"]
[WhiteElo "2045"]
[BlackElo "1653"]

1. Nf3 d5 2. b3 Nf6 3. Bb2 Bf5 4.
e3 e6 5.
Be2 h6 6. O-O Be7 7. d4 O-O 8. Nbd2 c5 9. c4 Nc6 10. cxd5 Qxd5 11. Ne5 cxd4 12. Nxc6 Qxc6 13. Bxd4 Rfd8 14. Rc1 Qd7 15. Nc4 Ne4 16. Ne5 Qd6 17. Bh5 Rf8 18. Qe2 Bf6 19.
Qb2 Qe7 20. f4 Bxe5 21. Bxe5 f6 22. Rc7 Qd8 23. Rd1 Qxd1+ 24. Bxd1 fxe5 25. Qxe5 Nf6 26. Bf3 1-0

[Event "SS Manhem Chess Week 2019 Goteborg Open"]
[Site "Molnlycke kulturhus, Biblioteksgatan 2, Molnlycke, Sweden"]
[Date "2019.08.17"]
[Round "6.15"]
[White "Sorensen, Bent"]
[Black "Eriksson, Kristian"]
[Result "1-0"]
[TimeControl "15 minutes + 5 seconds per move from move one (Round 1 - 4) / 90 minutes + 30 seconds per move from move one (Round 5 - 8)"]
[WhiteTitle "IM"]
[WhiteFideId "1400410"]
[BlackFideId "1705172"]
[WhiteElo "2042"]
[BlackElo "2113"]

1. Nf3 e6 2. g3 f5 3. b3 Nf6 4. Bb2 Be7 5. Bg2 O-O 6. O-O d6 7. d4 Qe8 8. Nbd2 Nc6 9. c4 a5 10.
a3 Bd7 11. Qc2 Qh5 12. Rfe1 Rae8 13. Bc3 g5 14. Red1 Bd8 15. b4 axb4 16. axb4 g4 17. Ne1 d5 18. Nd3 Ne4 19. Nf4 Qf7 20. b5 Ne7 21. Bb4 c6 22.
Nd3 Bc7 23. Ra7 Rb8 24. e3 Rfe8 25. Nb3 Nc8 26. Raa1 dxc4 27. Qxc4 Ned6 28. Qc1 Nxb5 29. Nbc5 Nb6 30. Ba5 Bc8 31.
Bf1 Qg7 32. Bxb6 Bxb6 33. Ne5 Nd6 34. Qb2 Qc7 35. Rab1 Bxc5 36. dxc5 Ne4 37. Bg2 Nxc5 38. Nxc6 Ra8 39. Nd4 Na4 40.
Qb4 Qc5 41. Rdc1 Qxb4 42. Rxb4 e5 43. Nb5 Bd7 44. Nc7 Rec8 45. Bxb7 1-0